 Dungeon Crawl Stone Soup version 0.17-a0-2098-gf59d6bc (webtiles) character file.

15567 derrpe the Zephyrmancer (level 12, -4/81 HPs)
             Began as a High Elf Air Elementalist on Oct 17, 2015.
             Was a Priest of Vehumet.
             Killed by divine providence
             ... invoked by an orc priest
              (14 damage)
             ... on level 1 of the Orcish Mines.
             The game lasted 00:58:37 (17354 turns).

derrpe the Zephyrmancer (HEAE)                     Turns: 17354, Time: 00:58:37

Health: -4/81      AC: 10    Str:  7    XL:     12   Next: 2%
Magic:  8/24       EV: 19    Int: 28    God:    Vehumet [***...]
Gold:   500        SH:  0    Dex: 22    Spells: 4 memorised, 16 levels left

rFire  x . .     SeeInvis .     k - +1 shortbow (flame)
rCold  . . .     Clarity  .     O - +0 leather armour of the Abyss {Int+5}
rNeg   + . .     SustAt   +     (no shield)
rPois  +         Gourm    .     P - +1 helmet "Ymaath" {rPois rF- Dex+4 Slay+5}
rElec  .         Spirit   .     m - +2 cloak
rCorr  +         Warding  .     B - +1 pair of gloves
rMut   .         Stasis   .     (no boots)
MR     +....                    H - amulet of resist corrosion
Stlth  ++........               f - ring of sustain attributes
                                j - ring of positive energy

@: repel missiles, somewhat resistant to hostile enchantments, unstealthy
A: no striking features
a: Renounce Religion


You were on level 1 of the Orcish Mines.
You worshipped Vehumet.
Vehumet was most pleased with you.
You were very hungry.

You visited 4 branches of the dungeon, and saw 14 of its levels.
You also visited: Ice Cave.

You collected 685 gold pieces.
You spent 185 gold pieces at shops.

Inventory:

Hand Weapons
 a - a +2 rapier of speed
 k - a +1 shortbow of flaming (weapon)
Missiles
 i - 12 tomahawks
 p - 23 poisoned needles
 r - 8 arrows of frost
 s - 97 arrows (quivered)
 x - 2 curare-tipped needles
 N - 8 javelins
Armour
 m - a +2 cloak (worn)
 o - a +0 buckler
 B - a +1 pair of gloves (worn)
 O - the +0 leather armour of the Abyss (worn) {Int+5}
   (You found it on level 8 of the Dungeon)

   It affects your intelligence (+5).
 P - the +1 helmet "Ymaath" (worn) {rPois rF- Dex+4 Slay+5}
   (You found it on level 8 of the Dungeon)

   It affects your dexterity (+4).
   It affects your accuracy and damage with ranged weapons and melee attacks
   (+5).
   It makes you vulnerable to fire.
   It protects you from poison.
Jewellery
 d - an uncursed amulet of warding {unknown}
 f - a ring of sustain attributes (right hand)
 j - a ring of positive energy (left hand)
 n - a +3 ring of strength {unknown}
 E - an uncursed ring of invisibility
 H - an amulet of resist corrosion (around neck)
Wands
 u - a wand of fire (0)
 w - a wand of fireball (0)
 C - a wand of digging (12)
Scrolls
 q - 3 scrolls of recharging {unknown}
 t - a scroll of fog
 y - 2 scrolls of remove curse
 z - 2 scrolls of blinking
 D - 10 scrolls of identify
 K - 2 scrolls of magic mapping
 Q - a scroll of teleportation
Potions
 e - 2 potions of resistance
 h - a potion of flight
 l - a potion of ambrosia
 v - 2 potions of haste
 A - a potion of heal wounds
 G - 2 potions of curing
 I - a potion of mutation {unknown}
 L - a potion of poison {unknown}
Books
 b - a book of Air

   Spells                             Type                      Level
   a - Shock                          Conjuration/Air              1
   b - Swiftness                      Charms/Air                   2
   c - Repel Missiles                 Charms/Air                   2
   d - Static Discharge               Conjuration/Air              3
   e - Lightning Bolt                 Conjuration/Air              5
 g - a book of Summonings

   Spells                             Type                      Level
   a - Recall                         Summoning/Translocation      3
   b - Aura of Abjuration             Summoning                    5
   c - Shadow Creatures               Summoning                    5
   d - Summon Demon                   Summoning                    5
   e - Summon Forest                  Summoning/Translocation      5
   f - Summon Mana Viper              Hexes/Summoning              5
Comestibles
 c - 8 bread rations {@e1}
 F - 8 fruits
 M - 4 royal jellies


   Skills:
 + Level 7.1 Fighting
 + Level 8.4 Dodging
 - Level 2.1 Stealth
 - Level 4.6 Shields
 + Level 7.8 Spellcasting
 * Level 11.0 Conjurations
 * Level 12.6 Air Magic


You had 16 spell levels left.
You knew the following spells:

 Your Spells              Type           Power        Failure   Level  Hunger
a - Shock                 Conj/Air       ####         1%          1    None
b - Repel Missiles        Chrm/Air       #####.       1%          2    None
c - Swiftness             Chrm/Air       #####...     1%          2    None
d - Lightning Bolt        Conj/Air       ######....   1%          5    ####...


Dungeon Overview and Level Annotations

Branches:
Dungeon (11/15)            Temple (1/1) D:7            Lair (1/8) D:11
    Orc (1/4) D:11

Altars:
Ashenzari
Cheibriados
Dithmenos
Elyvilon
Fedhas
Gozag
Kikubaaqudgha
Makhleb
Nemelex Xobeh
Okawaru
Qazlal
Ru
Sif Muna
Trog
Vehumet
Xom
Yredelemnul
Zin
The Shining One
Beogh

Shops:
D:4 [=   D:6 [   D:7 }

Annotations:
D:4 Pikel
D:6 derrpe's ghost, novice TrEE


Message History

Press: ? - help, Shift-Dir - straight line, f - orc priest
Aim: an orc priest
Okay, then.
Evoke which item? (* to show all) (? for menu, Esc to quit)
Zapping:
w - a wand of fireball (1)
Press: ? - help, Shift-Dir - straight line The fireball explodes!
The fireball engulfs the orc wizard.
The orc wizard is moderately wounded.
The fireball engulfs the orc.
You kill the orc!
Vehumet accepts your kill.
You feel your power returning.
The fireball engulfs the orc.
The orc is severely wounded.
The fireball engulfs the orc priest.
The orc priest is severely wounded.
This wand has 0 charges left.
The orc priest looks braver for a moment.
The orc priest calls down the wrath of Beogh upon you.
Something smites you!
You die...

#..#.............##
#...............[...###
.........รท)..)##....#.
..#........)...#......
##.............o)o....
##.#.........##.##)....
.#...#......)o....##....
$.........o).).....##o..
.......@..o.o...#...##..
.........##......#.####o
.........o.#.#...#%#)###
#............##.#.($..#.
##..>.........####(#.(((
#............## ###....
#.....$.......# ##.##
#.............# ####
.............##


You could see an orc priest, an orc wizard and 3 orcs.

Vanquished Creatures
  The ghost of nublet the Changer, a novice DrTm of Sif Muna (D:8)
  The ghost of zkyp the Pannier, a novice VSAr of Nemelex Xobeh (D:10)
  An unseen horror (D:10)
  2 hill giants
  An orc knight (D:11)
  2 ugly things (D:11)
  A gargoyle (D:11)
  A polar bear (IceCv)
  3 trolls
  Grinder (D:4)
  Sigmund (D:6)
  3 wraiths (D:8)
  2 steam dragons
  Eustachio (D:6)
  3 yaks
  A hippogriff (D:9)
  2 hungry ghosts
  A wolf (IceCv)
  6 humans (D:7)
  Menkaure (D:5)
  Edmund (D:5)
  2 wargs (D:11)
  3 water moccasins
  A sky beast (D:6)
  8 orc warriors
  A black bear (D:7)
  A wasp (D:9)
  5 ogres
  A phantom (D:8)
  9 ice beasts
  3 slaves
  4 centaurs
  A big kobold (D:7)
  A water moccasin zombie (D:5)
  4 giant frogs
  A wyvern skeleton (D:8)
  5 scorpions
  4 killer bees
  5 wights
  4 centaur zombies
  6 hounds
  7 crimson imps
  A vampire bat (D:2)
  6 jellies
  4 human zombies (D:8)
  13 orc priests
  3 quasits
  A gnoll shaman (D:6)
  2 centaur skeletons
  A giant frog skeleton (D:6)
  18 orc wizards
  Jessica (D:3)
  2 iguanas
  Terence (D:2)
  A human skeleton (D:8)
  11 worker ants
  Natasha (thrice) (D:3)
  3 mummies (D:8)
  A hound skeleton (D:6)
  3 hound zombies
  Robin (D:4)
  A worker ant zombie (D:5)
  17 adders
  6 gnolls (D:6)
  4 shadow imps
  An adder zombie (D:7)
  2 worms (D:4)
  3 adder skeletons
  5 giant geckos
  77 orcs
  A ball python (D:1)
  13 bats
  4 bat skeletons (D:2)
  A bat zombie (D:2)
  6 hobgoblins
  21 jackals
  3 quokkas
  9 giant cockroaches
  A giant gecko skeleton (D:7)
  7 giant newts
  12 goblins
  A jackal zombie (D:5)
  19 kobolds
  7 rats
  A spectral orc (D:3)
410 creatures vanquished.

Notes
Turn   | Place    | Note
--------------------------------------------------------------
     0 | D:1      | derrpe the High Elf Air Elementalist began the quest for the Orb.
     0 | D:1      | Reached XP level 1. HP: 11/11 MP: 4/4
   307 | D:1      | Reached skill level 4 in Air Magic
   375 | D:1      | Reached XP level 2. HP: 15/17 MP: 4/6
   459 | D:1      | Learned a level 2 spell: Repel Missiles
   462 | D:1      | Learned a level 2 spell: Swiftness
  1241 | D:2      | Reached XP level 3. HP: 15/22 MP: 5/7
  1432 | D:2      | Noticed Terence
  1520 | D:2      | Found a sparkling altar of Nemelex Xobeh.
  1604 | D:2      | Killed Terence
  1604 | D:2      | Reached skill level 1 in Fighting
  1604 | D:2      | Reached XP level 4. HP: 26/28 MP: 8/8
  2154 | D:2      | Reached skill level 5 in Air Magic
  2345 | D:2      | Found an ancient bone altar of Kikubaaqudgha.
  2345 | D:2      | Noticed a vampire bat
  2348 | D:2      | Killed a vampire bat
  2348 | D:2      | Reached XP level 5. HP: 33/33 MP: 4/9
  2516 | D:3      | Noticed Natasha
  2562 | D:3      | Killed Natasha
  2763 | D:3      | Noticed Natasha
  2768 | D:3      | Killed Natasha
  2821 | D:3      | Noticed Jessica
  2836 | D:3      | Killed Jessica
  2836 | D:3      | Reached XP level 6. HP: 36/39 MP: 8/10
  3313 | D:3      | Found a basalt altar of Yredelemnul.
  3571 | D:3      | Noticed Natasha
  3573 | D:3      | Killed Natasha
  3992 | D:4      | Found Zimikioh's Jewellery Emporium.
  4020 | D:4      | Noticed Robin
  4029 | D:4      | Killed Robin
  4161 | D:4      | Found Bosi's Armour Shoppe.
  4174 | D:4      | Bought the +2 leather armour "Itty" {Int+7 Slay-4} for 185 gold pieces
  4292 | D:4      | Noticed Grinder
  4294 | D:4      | Paralysed by Grinder for 5 turns
  4308 | D:4      | Killed Grinder
  4308 | D:4      | Reached skill level 5 in Dodging
  4308 | D:4      | Reached skill level 6 in Air Magic
  4308 | D:4      | Reached XP level 7. HP: 32/45 MP: 3/11
  4330 | D:4      | Learned a level 5 spell: Lightning Bolt
  4371 | D:4      | Found an iron altar of Okawaru.
  4713 | D:5      | Entered Level 5 of the Dungeon
  4771 | D:5      | Reached skill level 5 in Conjurations
  5276 | D:5      | Reached XP level 8. HP: 52/52 MP: 10/13
  5278 | D:5      | Reached skill level 7 in Air Magic
  5446 | D:5      | Noticed Menkaure
  5452 | D:5      | Noticed Pikel
  6407 | D:5      | Killed Menkaure
  6450 | D:5      | Found a glowing silver altar of Zin.
  6450 | D:5      | Found a glowing golden altar of the Shining One.
  6450 | D:5      | Found a white marble altar of Elyvilon.
  6483 | D:5      | Noticed Edmund
  6492 | D:5      | Killed Edmund
  6659 | D:5      | Reached skill level 8 in Air Magic
  7351 | D:6      | Noticed derrpe's ghost (novice TrEE)
  7651 | D:6      | Found Jeqid's Armour Emporium.
  7684 | D:6      | Reached XP level 9. HP: 46/58 MP: 9/16
  8105 | D:6      | Noticed Eustachio
  8300 | D:6      | Killed Eustachio
  8442 | D:6      | Reached skill level 5 in Spellcasting
  8458 | D:6      | Reached skill level 9 in Air Magic
  8579 | D:6      | Noticed Sigmund
  8586 | D:6      | Killed Sigmund
  8838 | D:6      | Reached skill level 1 in Shields
  8962 | D:7      | Found Soej's Gadget Boutique.
  8993 | D:7      | Found a staircase to the Ecumenical Temple.
  9011 | Temple   | Entered the Ecumenical Temple
  9377 | D:7      | Found a shadowy altar of Dithmenos.
  9645 | D:7      | Found a bloodstained altar of Trog.
  9834 | D:7      | Found a shimmering altar of Xom.
 10408 | D:7      | Reached XP level 10. HP: 57/65 MP: 8/19
 10575 | D:7      | Reached skill level 5 in Fighting
 10777 | D:8      | You fall through a shaft!
 10953 | D:8      | Got a pitted leather armour
 10954 | D:8      | Noticed nublet's ghost (novice DrTm)
 10985 | D:8      | Killed nublet's ghost
 11170 | D:8      | Got a heavily runed helmet
 11180 | D:8      | Identified the +1 helmet "Ymaath" {rPois rF- Dex+4 Slay+5} (You found it on level 8 of the Dungeon)
 11190 | D:8      | Identified the +0 leather armour of the Abyss {Int+5} (You found it on level 8 of the Dungeon)
 11271 | D:8      | Found an ancient bone altar of Kikubaaqudgha.
 11281 | D:8      | Reached skill level 10 in Air Magic
 11348 | D:8      | Got a fine spear
 11349 | D:8      | Identified the +7 spear "Pyesuvez" {antimagic, +Fly rElec Str+4 SInv} (You found it on level 8 of the Dungeon)
 12407 | D:9      | Found a radiant altar of Vehumet.
 12484 | D:9      | Became a worshipper of Vehumet
 13574 | D:10     | Entered Level 10 of the Dungeon
 13686 | D:10     | Noticed a hill giant
 13695 | D:10     | Killed a hill giant
 13695 | D:10     | Reached skill level 11 in Air Magic
 13695 | D:10     | Reached XP level 11. HP: 72/72 MP: 16/22
 14011 | D:10     | Noticed zkyp's ghost (novice VSAr)
 14027 | D:10     | Killed zkyp's ghost
 14294 | D:10     | Reached * piety under Vehumet
 14294 | D:10     | Offered knowledge of Flame Tongue by Vehumet.
 14558 | D:10     | Killed an unseen horror
 15227 | D:11     | Noticed a hill giant
 15296 | D:11     | Reached skill level 10 in Conjurations
 15297 | D:11     | Killed a hill giant
 15449 | D:11     | Found a staircase to the Lair.
 15562 | Lair:1   | Entered Level 1 of the Lair of Beasts
 15843 | D:11     | Reached skill level 12 in Air Magic
 15864 | D:11     | Found a roughly hewn altar of Beogh.
 15864 | D:11     | Found a staircase to the Orcish Mines.
 15865 | D:11     | Offered knowledge of Throw Frost by Vehumet.
 15866 | D:11     | Reached ** piety under Vehumet
 16945 | Orc:1    | Entered Level 1 of the Orcish Mines
 16961 | Orc:1    | Offered knowledge of Inner Flame by Vehumet.
 17122 | Orc:1    | Reached *** piety under Vehumet
 17206 | Orc:1    | Found a frozen archway.
 17272 | IceCv    | Entered an ice cave
 17279 | IceCv    | Reached XP level 12. HP: 36/81 MP: 11/24
 17317 | IceCv    | Noticed Duffy's ghost (journeyman VSMo)
 17354 | Orc:1    | Killed from afar by an orc priest

Vault maps used:
D:1:      dpeg_arrival_water_temple_mockup
D:2:      kennysheep_vampire_church, nemelex_diamond_rough_becter, uniq_terence
D:3:      yredelemnul_forgotten_temple_becter, first_bread, uniq_natasha,
          uniq_jessica
D:4:      nicolae_overflow_crystal_walls, serial_shops, shop, shop_statue,
          uniq_grinder, uniq_robin
D:5:      good_gods_mini_temple, minmay_misc_feat_ornament, uniq_menkaure,
          uniq_edmund, uniq_pikel
D:6:      serial_shops, nicolae_shop_crystal, uniq_sigmund, uniq_eustachio
D:7:      black_bear_nest_1, nicolae_dithmenos_the_darkroom, lemuel_round_altar,
          minmay_temple_entry_statues, basic_altar, serial_shops, shop,
          minmay_ruffians
D:8:      lemuel_mausoleum_altar_kikubaaqudgha
D:9:      fiery_altar_vehumet
D:11:     erik_lair_orcish_takeover, david_orc_5
Temple:   chambers_temple_10
Lair:1:   enter_volcano_3
Orc:1:    portal_ice_cave_entry_ice_beasts
IceCv:    ice_cave_small_giant

Action                   |  1- 3 |  4- 6 |  7- 9 | 10-12 || total
-------------------------+-------+-------+-------+-------++-------
Melee: Hand axe          |    21 |       |       |       ||    21
       Whip              |     2 |       |       |       ||     2
       Unarmed           |     9 |     1 |       |       ||    10
       Flail             |       |       |    23 |       ||    23
       Rapier            |       |       |    35 |    43 ||    78
       Spear             |       |       |       |    46 ||    46
       Shortbow          |       |       |       |     3 ||     3
 Fire: Hunting sling     |       |   161 |     2 |       ||   163
       Shortbow          |       |       |       |   388 ||   388
Throw: Stone             |       |       |       |     1 ||     1
 Cast: Shock             |    58 |    88 |   328 |    88 ||   562
       Repel Missiles    |     1 |       |       |       ||     1
       Lightning Bolt    |       |       |    23 |    66 ||    89
       Swiftness         |       |       |     1 |       ||     1
 Abil: Evoke Invisibilit |       |       |       |     1 ||     1
Evoke: Wand              |       |       |     4 |    11 ||    15
  Use: Scroll            |     4 |       |     7 |    10 ||    21
       Potion            |       |     1 |     6 |     1 ||     8
 Stab: Sleeping          |       |       |     2 |     4 ||     6
  Eat: Chunk             |     2 |     9 |    14 |    24 ||    49
       Meat ration       |       |       |     2 |     1 ||     3
       Beef jerky        |       |       |       |     4 ||     4
       Pizza             |       |       |       |     2 ||     2
